 Dungeon Crawl Stone Soup version 0.31.0-32-g396128a36d (webtiles) character file.

Game seed: 221624932004735578

221 H0rd4k the Insei (level 5, -4/33 HPs)
             Began as an Octopode Artificer on Apr 8, 2024.
             Slain by a gnoll
             ... wielding a +0 spear
              (10 damage)
             ... on level 4 of the Dungeon.
             The game lasted 00:02:40 (2399 turns).

H0rd4k the Insei (Octopode Artificer)               Turns: 2399, Time: 00:02:40

Health: -4/33      AC:  1    Str: 12    XL:     5   Next: 98%
Magic:  5/5        EV: 18    Int: 15    God:
Gold:   220        SH:  0    Dex: 12    Spells: 4/4 levels left

rFire   . .          .
                       - Unarmed
rCold   . . .        (no shield)
rNeg    . . .        (helmet restricted)
rPois   .            (no amulet)
rElec   .            a - +5 ring of evasion
rCorr   .            (no ring)
SInv    .            (no ring)
Will    .....        (no ring)
Stlth   +++          (no ring)
HPRegen 0.25/turn    (no ring)
MPRegen 0.09/turn    (no ring)
                     (no ring)

%: no passive effects
@: no status effects
A: almost no armour, amphibious, 8 rings, camouflage 1, gelatinous body 1,
(nimble swimmer 1), tentacles
a: no special abilities


You were on level 4 of the Dungeon.
You visited 1 branch of the dungeon, and saw 4 of its levels.

You collected 220 gold pieces.

Inventory:

Magical Staves
 e - a staff of cold
 g - a staff of earth
Jewellery
 a - a +5 ring of evasion (left tentacle)
 l - a ring of resist corrosion
 o - a ring of wizardry
Talismans
 m - a flux talisman
Wands
 b - a wand of flame (10) (quivered)
 c - a wand of charming (15)
 d - a wand of iceblast (11)
Scrolls
 f - 2 scrolls of enchant weapon {unknown}
 h - 3 scrolls of identify {unknown}
 i - 2 scrolls of poison {unknown}
 j - a scroll of noise {unknown}
 k - a scroll of vulnerability {unknown}
Potions
 n - a potion of brilliance {unknown}


   Skills:
 + Level 1.4 Fighting
 - Level 2.3 Dodging
 - Level 1.3 Stealth
 + Level 5.4 Unarmed Combat
 - Level 3.2 Evocations


You had 4 spell levels left.
You didn't know any spells.
Your spell library was empty.

Dungeon Overview and Level Annotations

Branches:
Dungeon (4/15)
 Temple: D:4-7

Altars:
Okawaru


Innate Abilities, Weirdness & Mutations

You cannot wear most types of armour.
You are amphibious.
You can wear up to eight rings at the same time.
Your skin changes colour to match your surroundings (Stealth+).
Your rubbery body absorbs attacks. (AC +1, EV +1)
((You are camouflaged when in or above water. (Stealth+)))
You have tentacles for arms and can constrict up to eight enemies at once.


Message History

You kill the orc!
You barely miss the orc. You grab the orc. You squeeze the orc.
The orc is moderately wounded.
You constrict the orc. The orc hits you with a +0 club.
You tentacle-slap the orc. You squeeze the orc.
You kill the orc!
No target in view!
No target in view!
No target in view!
No target in view!
No target in view!
No target in view!
No target in view!
No target in view!
No target in view!
HP restored.
Items here: )) [[.
A gnoll comes into view. It is wielding a +0 halberd.
A gnoll is nearby!
A gnoll is nearby!
A gnoll comes into view.
It is wielding a +1 whip of electrocution.
The gnoll shouts!
You see here a +0 spear.
The gnoll hits you with a +1 whip of electrocution.
You see here an adder corpse.
The gnoll shouts!
You tentacle-slap the gnoll. You grab the gnoll.
The gnoll is moderately wounded.
You constrict the gnoll.
The gnoll struggles to escape constriction.
You tentacle-slap the gnoll.
The gnoll is severely wounded.
You constrict the gnoll.
The gnoll hits you with a +1 whip of electrocution!
You tentacle-slap the gnoll.
You kill the gnoll!
The gnoll hits you with a +0 halberd!
* * * LOW HITPOINT WARNING * * *
The gnoll hits you with a +0 spear!
You die...

#. .?. . #). # #. ..
#. . ##)# ###.#. #..#
......###.#
##....g...#######
......g@†)......##
##.##...#######..#
#.#.. ##.####
...##...#####....####
#..# ##.......##.)<..
#.. ########.##.####
##.. #...# #....# ##
#..# #...####....# .
#..# ##.(.##...##.#


You could see 2 gnolls.

Vanquished Creatures
  An orc priest (D:4)
  Ijyb (D:3)
  5 adders
  2 gnolls (D:4)
  2 ribbon worms
  5 dart slugs
  6 orcs
  8 endoplasms
  5 giant cockroaches
  9 hobgoblins
  A jackal (D:3)
  4 quokkas
  10 ball pythons
  7 bats
  A frilled lizard (D:1)
  7 goblins
  4 kobolds
  4 rats
82 creatures vanquished.

Notes
Turn   | Place    | Note
-------+----------+-------------------------------------------
     0 | D:1      | H0rd4k the Octopode Artificer began the quest for the Orb.
     0 | D:1      | Reached XP level 1. HP: 13/13 MP: 1/1
   161 | D:1      | Reached skill level 1 in Unarmed Combat
   256 | D:1      | Reached XP level 2. HP: 18/18 MP: 2/2
   441 | D:1      | Reached skill level 2 in Unarmed Combat
   636 | D:2      | Reached XP level 3. HP: 20/23 MP: 3/3
   913 | D:2      | Reached skill level 3 in Unarmed Combat
  1232 | D:2      | Reached XP level 4. HP: 23/28 MP: 4/4
  1533 | D:3      | Reached skill level 4 in Unarmed Combat
  1684 | D:3      | Reached XP level 5. HP: 25/33 MP: 5/5
  1754 | D:3      | Found a faded altar of an unknown god.
  1904 | D:3      | Noticed Ijyb
  1908 | D:3      | Killed Ijyb
  1944 | D:3      | Found an iron altar of Okawaru.
  2290 | D:4      | Reached skill level 5 in Unarmed Combat
  2399 | D:4      | Slain by a gnoll

Illustrated notes

Levels and vault maps discovered:
D:1:      dpeg_arrival_court, layout_rooms, dreamdust_princess_bridge
D:2:      layout_basic, hex_large
D:3:      minmay_evil_eye, layout_loops_ring,
          mainiacjoe_overflow_six_doors_small,
          dreamdust_ecumenical_altar_angels_and_demons, uniq_ijyb
D:4:      layout_rooms, minmay_temple_entry_sparse_star

Skill      XL: |  1  2  3  4  5 |
---------------+----------------+-----
Unarmed Combat | 1 2 3 4 5 |  5.4
Fighting       | |  1.4
Dodging        | |  2.3
Stealth        | |  1.3
Evocations     | |  3.2

Action                     |  1- 3 |  4- 6 || total
---------------------------+-------+-------++-------
  Melee: Unarmed           |    98 |    78 ||   176
         Tentacles         |    23 |    23 ||    46
         Constrict         |    22 |    26 ||    48
         Punch             |     2 |     1 ||     3
  Evoke: Wand              |       |     9 ||     9
   Stab: Sleeping          |    10 |     9 ||    19
 Armour: Skin              |    20 |    24 ||    44
  Dodge: Dodged            |    60 |    45 ||   105
